[Event "GER-ch Youth-U18w 2022"]
[Site "Willingen"]
[Date "2022.06.10"]
[Round "8.8"]
[White "Wilmink, Anna"]
[Black "Albayrak, Nese Pinar"]
[Result "1-0"]
[ECO "C45"]
[WhiteElo "1700"]
[BlackElo "1683"]
[Annotator "NA RC COMBH"]
[PlyCount "55"]
[EventDate "2022.06.05"]
[EventType "swiss"]
[EventRounds "9"]
[EventCountry "GER"]
[SourceTitle "playchess.com"]
[Source "ChessBase"]
[SourceQuality "1"]
[TimeControl "40/4500+30:900+30"]

1. e4 e5 2. Nf3 Nc6 3. d4 exd4 4. Nxd4 Bc5 5. Nf5 Qf6 6. Nc3 Nge7 7. Ne3 Ne5 8. Be2 d6 9. O-O Be6 10. Kh1 g5 11. Na4 O-O-O 12. Nxc5 dxc5 13. Qe1 Qg6 14. f3 h5 15. Qa5 N7c6 16. Qxc5 h4 17. b4 g4 18. f4 h3 19. f5 hxg2+ 20. Nxg2 Rxh2+ 21. Kg1 Qh7 22. Bf4 Rh3 23. Kf2 g3+ 24. Bxg3 Bxf5 25. exf5 Qxf5+ 26. Bf4 Rh2 27. Kg1 Rh7 28. Bd3 1-0

[Event "GER-ch Youth-U18w 2022"]
[Site "Willingen"]
[Date "2022.06.10"]
[Round "8.9"]
[White "Yue, Qizhou"]
[Black "Kieckbusch, Lotta"]
[Result "1-0"]
[ECO "C04"]
[WhiteElo "1715"]
[BlackElo "1207"]
[Annotator "NA RC COMBH"]
[PlyCount "83"]
[EventDate "2022.06.05"]
[EventType "swiss"]
[EventRounds "9"]
[EventCountry "GER"]
[SourceTitle "playchess.com"]
[Source "ChessBase"]
[SourceQuality "1"]
[TimeControl "40/4500+30:900+30"]

1. e4 e6 2. d4 d5 3. Nd2 Nc6 4. Ngf3 Nf6 5. e5 Nd7 6. c3 f6 7. Qe2 fxe5 8. Nxe5 Ndxe5 9. dxe5 Bc5 10. Nf3 O-O 11. Be3 Qe7 12. Qd2 Bd7 13. Bd3 d4 14. Bxd4 Rxf3 15. Bxc5 Qxc5 16. gxf3 Nxe5 17. Be4 Rf8 18. O-O-O Ba4 19. Qd4 Qxd4 20. Rxd4 Bc6 21. Bxc6 Nxc6 22. Rd7 Rxf3 23. Rxc7 Rf7 24. Rc8+ Rf8 25. Rxf8+ Kxf8 26. Kd2 Ke7 27. Ke3 g6 28. Ke4 Kf6 29. Rd1 Ke7 30. c4 b6 31. a3 a5 32. b3 h6 33. Rd3 h5 34. f4 Nd8 35. Rxd8 Kxd8 36. Ke5 Ke7 37. b4 axb4 38. axb4 h4 39. h3 Kf7 40. c5 bxc5 41. bxc5 Ke7 42. c6 1-0

[Event "GER-ch Youth-U18w 2022"]
[Site "Willingen"]
[Date "2022.06.10"]
[Round "8.11"]
[White "Sokyrko, Sofiia"]
[Black "Kosak, Karolina"]
[Result "0-1"]
[ECO "C56"]
[WhiteElo "1368"]
[BlackElo "1471"]
[Annotator "NA RC COMBH"]
[PlyCount "56"]
[EventDate "2022.06.05"]
[EventType "swiss"]
[EventRounds "9"]
[EventCountry "GER"]
[SourceTitle "playchess.com"]
[Source "ChessBase"]
[SourceQuality "1"]
[TimeControl "40/4500+30:900+30"]

1. e4 e5 2. Nf3 Nc6 3. d4 exd4 4. Bc4 Nf6 5. O-O Nxe4 6. Re1 d5 7. Bxd5 Qxd5 8. Nc3 Qh5 9. Nxe4 Be6 10. Neg5 O-O-O 11. Nxe6 fxe6 12. Rxe6 Bc5 13. Bg5 Rde8 14. Rxe8+ Rxe8 15. Qd3 Kb8 16. a3 Ne5 17. Nxe5 Rxe5 18. Qc4 Qe2 19. Qxe2 Rxe2 20. b4 Bb6 21. Kf1 Rxc2 22. Re1 a5 23. Re7 h6 24. bxa5 Bxa5 25. Bf4 g5 26. Be5 d3 27. f4 Rc1+ 28. Kf2 d2 0-1

[Event "GER-ch Youth-U18w 2022"]
[Site "Willingen"]
[Date "2022.06.11"]
[Round "9.1"]
[White "Rudolph, Eva"]
[Black "Dartmann Aubanell, Catriona"]
[Result "1/2-1/2"]
[ECO "C08"]
[WhiteElo "1860"]
[BlackElo "1874"]
[Annotator "NA RC COMBH"]
[PlyCount "46"]
[EventDate "2022.06.05"]
[EventType "swiss"]
[EventRounds "9"]
[EventCountry "GER"]
[SourceTitle "playchess.com"]
[Source "ChessBase"]
[SourceQuality "1"]
[TimeControl "40/4500+30:900+30"]

1. e4 e6 2. d4 d5 3. Nd2 c5 4. exd5 exd5 5. Bb5+ Nc6 6. Ngf3 cxd4 7. O-O Bd6 8. Nb3 Nge7 9. Nbxd4 O-O 10. Bd3 {[%emt 0:03:47] 10.h3 is the modern continuation.} h6 {[%emt 0:00:00] was the old line (10...Ng6).} 11. h3 Re8 12. c3 a6 13. Bc2 {[%emt 0:05:01] [#]} h5 $146 ({Predecessor:} 13... Bc7 14. Re1 Nxd4 15. Qxd4 Be6 16. Bf4 Bxf4 17. Qxf4 Qb6 18. Rab1 Nc6 19. a3 Rad8 {1-0 (49) Sandu,M (2260)-Bucur,D (1956) Mamaia 2019}) 14. Ng5 (14. Bg5 $16) 14... g6 15. Re1 Nxd4 16. Qxd4 Nf5 17. Qd1 Rxe1+ 18. Qxe1 b5 19. Nf3 Qe7 $14 20. Qd1 Bc5 21. Bg5 Qa7 22. Qd2 Kg7 23. Rd1 Be6 1/2-1/2

[Event "GER-ch Youth-U18w 2022"]
[Site "Willingen"]
[Date "2022.06.11"]
[Round "9.2"]
[White "Bardorz, Jana"]
[Black "Berghold, Lotta"]
[Result "1-0"]
[ECO "B12"]
[WhiteElo "1974"]
[BlackElo "1482"]
[Annotator "TA"]
[PlyCount "71"]
[EventDate "2022.06.05"]
[EventType "swiss"]
[EventRounds "9"]
[EventCountry "GER"]
[SourceTitle "playchess.com"]
[Source "ChessBase"]
[SourceQuality "1"]
[TimeControl "40/4500+30:900+30"]

1. e4 c6 2. d4 d5 3. e5 Bf5 4. Nd2 e6 5. Nb3 Nd7 6. Nf3 a6 {[%emt 0:00:00] B12: Caro-Kann: Advance Variation.} 7. Be3 Rc8 8. Be2 c5 {[%emt 0:05:08] The position is equal.} 9. dxc5 Nxc5 10. Nbd4 (10. O-O $14) 10... Bg6 11. c3 Ne7 12. O-O {[%emt 0:02:51] [#]} Bh5 $146 ({Predecessor:} 12... Nf5 13. Nxf5 Bxf5 14. Nd4 Bg6 15. f4 Be7 16. f5 exf5 17. Nxf5 Bxf5 18. Rxf5 O-O {1-0 (55) Nevednichy,V (2551)-Knechtel,R (2284) Aschach 2015}) 13. Nd2 Bxe2 14. Qxe2 Ng6 15. f4 Be7 16. f5 exf5 (16... Nxe5 $14 17. fxe6 (17. Bf4 Nc6 $11) 17... O-O) 17. Nxf5 $16 O-O 18. Qh5 {[%emt 0:03:00] [#] aiming for Rf3.} Ne6 (18... Nd3 $2 19. Rf3 Bh4 20. Rh3 $18) 19. Nf3 {[%emt 0:06:34][%cal Bd2f3,Bf3d4,Bd4e6][%mdl 32] White is much more active.} Rc4 20. N3d4 {[%emt 0:03:41] Threatens to win with Rf3.} Bg5 $2 {[%emt 0:04:12] Black cannot hold the game after this.} (20... Re8 $16) 21. Nxe6 $18 Bxe3+ 22. Nxe3 {[%emt 0:02:48] Chess con chili.} fxe6 23. Nxc4 dxc4 24. Kh1 Nf4 25. Qg4 Qd2 26. Rad1 Qe3 27. g3 Qe4+ 28. Qf3 Qxf3+ 29. Rxf3 Nd3 30. Rxf8+ Kxf8 {[%emt 0:00:04][%mdl 4096] Endgame KR-KN} 31. Kg2 {[%emt 0:01:55] Inhibits Nf2. Hoping for b3.} Ke7 32. b3 Nxe5 33. h3 b5 (33... b6 $142 34. Kf2 cxb3) 34. Kf2 Nd3+ 35. Ke3 e5 36. Rb1 {[%emt 0:04:15] Weighted Error Value: White=0.11 (very precise) /Black=0.36} 1-0

[Event "GER-ch Youth-U18w 2022"]
[Site "Willingen"]
[Date "2022.06.11"]
[Round "9.3"]
[White "Falke, Ornella"]
[Black "Basovskiy, Jana"]
[Result "0-1"]
[ECO "A50"]
[WhiteElo "1844"]
[BlackElo "1938"]
[Annotator "TA"]
[PlyCount "90"]
[EventDate "2022.06.05"]
[EventType "swiss"]
[EventRounds "9"]
[EventCountry "GER"]
[SourceTitle "playchess.com"]
[Source "ChessBase"]
[SourceQuality "1"]
[TimeControl "40/4500+30:900+30"]

1. d4 Nf6 2. c4 Nc6 3. Nc3 e5 4. d5 Ne7 5. e4 Ng6 6. a3 (6. h4 $16) 6... Bc5 $11 {[%emt 0:00:00] A50: Queen's Fianchetto Defence (1 d4 Nf6 2 c4 b6).} 7. Bd3 a5 {[%emt 0:00:00] Against b4} 8. Nge2 $2 {[%emt 0:01:08] [#]} (8. Nf3 $11 {and White stays safe.}) 8... O-O $2 (8... Ng4 $19 9. Be3 Bxe3 10. fxe3 Nxe3) 9. O-O {[%emt 0:06:19] [#]} Nh5 $146 (9... d6 $5 ) ({Predecessor:} 9... d6 10. h3 Nh5 11. Kh2 Qh4 12. Qe1 Nhf4 13. Nxf4 Nxf4 14. Bxf4 Qxf4+ 15. Kg1 Bxh3 16. gxh3 {0-1 (25) Lesjak,D (1842)-Semrl,M (2108) Ljubljana 2013}) 10. Kh1 (10. Na4 $5 Be7 11. Ng3 $11) 10... Be7 11. g4 (11. g3 $14) 11... Nhf4 12. Nxf4 exf4 13. Ne2 Bg5 14. Nd4 (14. h4 Bh6 15. g5 Bxg5 16. hxg5 Qxg5 17. f3 Qh5+ 18. Kg2 Qg5+ 19. Kh1 Qh5+ 20. Kg2 Qg5+ 21. Kh1) 14... d6 15. h3 Ne5 16. b3 (16. Be2 $15) 16... Qf6 17. Bb2 (17. Rg1 $17) 17... h5 ({Better is} 17... f3 $19 {Strongly threatening ...Qh6.} 18. Rg1 Qh6) 18. f3 (18. gxh5 Bxh3 19. Rg1) (18. gxh5 $15 Bxh3 19. Rg1) 18... hxg4 (18... g6 19. Kg2 Bh4) (18... g6 $19 {...Kg7 is the strong threat.} 19. Kg1 Qh8) 19. hxg4 $15 Qh6+ 20. Kg1 Qh4 ({Black should play} 20... f5 $15 21. Nxf5 Bxf5 22. gxf5 Kf7 23. Bxe5 Rh8) 21. Rf2 $1 $11 Bxg4 22. fxg4 {[%emt 0:02:22] Black converts the advantage convincingly.} (22. Be2 $11 {and White has nothing to worry.}) 22... Qg3+ $19 23. Rg2 Qe3+ ({And not} 23... Qxd3 24. Qxd3 Nxd3 25. Nf3 Nxb2 26. Nxg5 $17) 24. Kh1 Nxd3 25. Nf5 $2 (25. Qe2 {is a better defense.} Bf6 26. Nf5 Qxe2 27. Rxe2 Nxb2 28. g5) 25... Qh3+ 26. Rh2 Nf2+ 27. Kg1 Nxd1 28. Rxh3 Nxb2 29. Rb1 g6 ({Inferior is} 29... Bf6 30. g5 Bxg5 31. Rxb2 $15) 30. Rxb2 gxf5 31. Rh5 f6 32. exf5 Kg7 33. Re2 Rae8 {[%emt 0:00:07] Inhibits Re7+.} 34. Re6 Rxe6 35. dxe6 {[%emt 0:00:15][%mdl 4096] Endgame KRB-KR} Rd8 36. Rh2 (36. Rh3 $142) 36... d5 37. Rd2 c6 38. Kf2 Kf8 {[%emt 0:03:38] Black is clearly winning.} 39. Kf3 Ke7 40. Rh2 dxc4 {[%emt 0:00:35] [#] And now ...Rd3+ would win.} 41. Rh7+ Kd6 42. bxc4 Kc5 43. Rd7 Rh8 {[%emt 0:00:00] aiming for ...Rh3+.} 44. Rxb7 Rh3+ 45. Kf2 Rxa3 {[%emt 0:00:00] Weighted Error Value: White=0.64/Black=0.37} 0-1

[Event "GER-ch Youth-U18w 2022"]
[Site "Willingen"]
[Date "2022.06.11"]
[Round "9.4"]
[White "Cheredzhiyska, Iva"]
[Black "Heutling, Elina"]
[Result "1/2-1/2"]
[ECO "B23"]
[WhiteElo "1696"]
[BlackElo "1798"]
[Annotator "NA RC COMBH"]
[PlyCount "151"]
[EventDate "2022.06.05"]
[EventType "swiss"]
[EventRounds "9"]
[EventCountry "GER"]
[SourceTitle "playchess.com"]
[Source "ChessBase"]
[SourceQuality "1"]
[TimeControl "40/4500+30:900+30"]

1. e4 c5 2. Nc3 d6 3. f4 g6 4. Nf3 Bg7 5. Bb5+ Bd7 6. Bc4 Nf6 7. e5 dxe5 8. fxe5 Nh5 9. Bxf7+ Kxf7 10. e6+ Ke8 11. exd7+ Qxd7 12. O-O Nc6 13. d3 Rf8 14. Kh1 Nf6 15. Bg5 Kf7 16. Ne4 b6 17. c3 Qd5 18. Nf2 Kg8 19. Qd2 Rad8 20. a3 c4 21. Rad1 Qf5 22. Qe2 cxd3 23. Rxd3 Rxd3 24. Nxd3 Qb5 25. Re1 h6 26. Bc1 Rd8 27. Qe6+ Kh7 28. Nde5 Rd6 29. Qc4 Qxc4 30. Nxc4 Rd5 31. h3 Nh5 32. g4 Nf6 33. Nce5 Nxe5 34. Nxe5 Nd7 35. Nc6 Ne5 36. Nxe5 Bxe5 37. Kg2 Bf6 38. Re2 Rd1 39. Bf4 Kg7 40. Bb8 a6 41. Bg3 Kf7 42. Bf4 h5 43. g5 Bg7 44. h4 e6 45. Be3 Rd6 46. a4 e5 47. Kf3 Ke6 48. Ke4 Rc6 49. Kd3 Kd5 50. Bf2 b5 51. axb5 axb5 52. Re4 Rc4 53. Rxc4 bxc4+ 54. Kc2 Ke4 55. b3 cxb3+ 56. Kxb3 Kd3 57. c4 e4 58. c5 Be5 59. c6 e3 60. Be1 Bc7 61. Kb4 Ke2 62. Bc3 Bg3 63. Kc5 Kf3 64. Kd5 e2 65. Ke6 Ke4 66. Kf7 Kf5 67. Be1 Be5 68. Ke7 Kg4 69. Kd7 Bg3 70. c7 Bxe1 71. c8=Q Bg3 72. Ke7+ Kf3 73. Qc3+ Kg2 74. Qc2 Kf1 75. Qxe2+ Kxe2 76. Kf6 1/2-1/2

[Event "GER-ch Youth-U18w 2022"]
[Site "Willingen"]
[Date "2022.06.11"]
[Round "9.5"]
[White "Dietz, Kristin"]
[Black "Yue, Qizhou"]
[Result "1-0"]
[ECO "B42"]
[WhiteElo "1707"]
[BlackElo "1715"]
[Annotator "NA RC COMBH"]
[PlyCount "64"]
[EventDate "2022.06.05"]
[EventType "swiss"]
[EventRounds "9"]
[EventCountry "GER"]
[SourceTitle "playchess.com"]
[Source "ChessBase"]
[SourceQuality "1"]
[TimeControl "40/4500+30:900+30"]

1. e4 c5 2. Nf3 e6 3. d4 cxd4 4. Nxd4 a6 5. Bd3 Qc7 6. f4 d6 7. Qf3 Nc6 8. Be3 Nf6 9. Nc3 Be7 10. Nb3 b5 11. g4 Bb7 12. g5 Nd7 13. Qh3 b4 14. Ne2 Nd8 15. Nbd4 d5 16. e5 g6 17. Qf3 Nc5 18. h4 h5 19. gxh6 Rxh6 20. h5 Rxh5 21. Rxh5 gxh5 22. Qxh5 Kd7 23. f5 Nxd3+ 24. cxd3 exf5 25. Qxf5+ Ke8 26. Kd2 Bc8 27. Qh5 Ne6 28. Rg1 Bc5 29. Rg8+ Nf8 30. Bh6 Qb6 31. Bxf8 Bxf8 32. e6 Qb7 1-0

[Event "GER-ch Youth-U18w 2022"]
[Site "Willingen"]
[Date "2022.06.11"]
[Round "9.6"]
[White "Schneider, Katharina"]
[Black "Wilmink, Anna"]
[Result "1/2-1/2"]
[ECO "B32"]
[WhiteElo "1810"]
[BlackElo "1700"]
[Annotator "NA RC COMBH"]
[PlyCount "148"]
[EventDate "2022.06.05"]
[EventType "swiss"]
[EventRounds "9"]
[EventCountry "GER"]
[SourceTitle "playchess.com"]
[Source "ChessBase"]
[SourceQuality "1"]
[TimeControl "40/4500+30:900+30"]

1. e4 c5 2. Nf3 Nc6 3. d4 cxd4 4. Nxd4 e5 5. Nb5 d6 6. c4 a6 {[%emt 0:00:00] 6...Be6 is the modern continuation.} 7. N5a3 Nge7 8. Nc3 Nd4 9. Nc2 Ndc6 {[%emt 0:00:00] [#]} 10. Be3 $146 ({Predecessor:} 10. Be2 g6 11. O-O Be6 12. Bg5 Bg7 13. Qd2 Qd7 14. Nd5 Rd8 15. Bh6 Kf8 16. Bxg7+ Kxg7 17. Qg5 Bxd5 18. exd5 {1-0 (50) Rata,A (1539)-Stan,A (1398) Calimanesti 2015}) 10... Rb8 11. Qd2 Be6 12. Be2 Ng6 13. O-O Rc8 14. b3 Be7 15. Rfd1 O-O 16. f3 Qc7 17. Rac1 Qb8 18. Kh1 h6 ({Black should play} 18... f5) 19. Bf1 Rfe8 20. Na4 b5 21. Nb6 Rc7 22. cxb5 axb5 23. Bxb5 Rd8 24. Ba4 Nf4 25. Nd5 Bxd5 26. exd5 Na7 27. Nb4 Qb7 28. Rxc7 Qxc7 29. Bxa7 Qxa7 30. Nc6 Qd7 31. Nxd8 Qxd8 32. Qc2 Qb6 33. Rc1 Qe3 34. Qc8+ Bf8 35. Qc3 Nd3 36. Rc2 Nf2+ 37. Rxf2 Qxf2 38. Qa1 f5 39. Bb5 e4 40. fxe4 fxe4 41. a4 e3 42. Qf1 Qd2 43. Bc4 Be7 {[%emt 0:03:00] [#]} 44. g3 $1 Bf6 45. Qe2 Qc3 46. Kg2 Bd4 47. Qd1 Bc5 48. Be2 Qb4 49. Qd3 Qe1 50. Kh3 Qb4 51. Qb5 Qe4 52. Bd3 Qe5 53. Qb8+ (53. Qb7 $142 Qh5+ 54. Kg2) 53... Kf7 54. Qc7+ Kf6 55. Qd8+ Kf7 56. Qd7+ Kf6 57. Qg4 Ke7 58. Qf3 Bb4 59. Qf4 Qh5+ 60. Qh4+ Qxh4+ 61. Kxh4 Kf6 62. Kg4 Ke5 63. Kf3 Kd4 64. Bc4 g6 65. h3 g5 {[%emt 0:00:36] [#]} (65... Bd2 $11) 66. h4 ({Only move:} 66. Kg4 $1 $16) 66... gxh4 67. gxh4 Ba5 (67... Bd2 $11) 68. h5 (68. Kf4 $1 $14) 68... Bd2 $1 69. Ke2 Ba5 70. Bb5 Bb4 71. Bc4 Ba5 72. Kd1 Kc3 73. Kc1 Bb4 74. Kd1 $11 Ba5 1/2-1/2

[Event "GER-ch Youth-U18w 2022"]
[Site "Willingen"]
[Date "2022.06.11"]
[Round "9.7"]
[White "Kosak, Karolina"]
[Black "Kroemer, Paulina"]
[Result "0-1"]
[ECO "B22"]
[WhiteElo "1471"]
[BlackElo "1583"]
[Annotator "NA RC COMBH"]
[PlyCount "80"]
[EventDate "2022.06.05"]
[EventType "swiss"]
[EventRounds "9"]
[EventCountry "GER"]
[SourceTitle "playchess.com"]
[Source "ChessBase"]
[SourceQuality "1"]
[TimeControl "40/4500+30:900+30"]

1. e4 c5 2. c3 d5 3. exd5 Qxd5 4. d4 e6 5. Nf3 Nf6 6. Na3 a6 7. Nc2 Nc6 8. Be2 cxd4 9. Ncxd4 Be7 10. O-O O-O 11. Be3 b5 12. Nxc6 Qxc6 13. Nd4 Qc7 14. Bf3 Bb7 15. Rc1 Rfd8 16. Qe2 Rac8 17. Rfd1 h6 18. h3 Nd5 19. Nb3 Nxe3 20. Qxe3 Bg5 21. Qe2 Bxf3 22. Qxf3 Bxc1 23. Rxc1 Rd6 24. Qe3 Qc4 25. Re1 Qd3 26. Nd4 Qxe3 27. Rxe3 b4 28. Ne2 Rd2 29. Nd4 bxc3 30. bxc3 Rxa2 31. g4 Ra3 32. Ne2 a5 33. Kg2 a4 34. Kf3 Rc4 35. Re5 Ra1 36. h4 a3 37. Ra5 a2 38. Kg3 Rc8 39. Ra3 Rb8 40. Nf4 Rg1+ 0-1

[Event "GER-ch Youth-U18w 2022"]
[Site "Willingen"]
[Date "2022.06.11"]
[Round "9.8"]
[White "Goetten Wagner, Julia"]
[Black "Gröschel, Karoline"]
[Result "0-1"]
[ECO "B40"]
[WhiteElo "1631"]
[BlackElo "1546"]
[Annotator "NA RC COMBH"]
[PlyCount "60"]
[EventDate "2022.06.05"]
[EventType "swiss"]
[EventRounds "9"]
[EventCountry "GER"]
[SourceTitle "playchess.com"]
[Source "ChessBase"]
[SourceQuality "1"]
[TimeControl "40/4500+30:900+30"]

1. e4 c5 2. Nf3 e6 3. g3 d5 4. exd5 exd5 5. d4 Nf6 6. Bg2 Be7 7. O-O O-O 8. Nbd2 cxd4 9. Nxd4 Nc6 10. N2b3 a5 11. a4 Bg4 12. f3 Nxd4 13. Qxd4 Bf5 14. c3 Bc2 15. Nd2 Qc7 16. Kh1 Bc5 17. Qh4 Bd3 18. Rd1 Rfe8 19. b4 Be2 20. Re1 Bf2 21. Ne4 Bxe1 22. Nxf6+ gxf6 23. Bh6 Bd3 24. Bf1 Bg6 25. Bb5 Re6 26. c4 Bxb4 27. cxd5 Qc3 28. dxe6 Qxf3+ 29. Kg1 Bc5+ 30. Be3 Bxe3# 0-1

[Event "GER-ch Youth-U18w 2022"]
[Site "Willingen"]
[Date "2022.06.11"]
[Round "9.9"]
[White "Mueller, Sophie Charlotte"]
[Black "Orlova, Alicia"]
[Result "0-1"]
[ECO "C30"]
[WhiteElo "1509"]
[BlackElo "1724"]
[Annotator "NA RC COMBH"]
[PlyCount "72"]
[EventDate "2022.06.05"]
[EventType "swiss"]
[EventRounds "9"]
[EventCountry "GER"]
[SourceTitle "playchess.com"]
[Source "ChessBase"]
[SourceQuality "1"]
[TimeControl "40/4500+30:900+30"]

1. e4 e5 2. f4 d6 3. Nf3 Nc6 4. Bc4 Be7 5. O-O Nf6 6. Nc3 Na5 7. Be2 O-O 8. fxe5 dxe5 9. Kh1 Bd6 10. d3 h6 11. Qe1 Re8 12. Nh4 Be7 13. Qg3 Nxe4 14. Nxe4 Bxh4 15. Qf3 f5 16. Ng3 f4 17. Ne4 Be6 18. b3 Nc6 19. Bb2 Bf7 20. c3 Ne7 21. g3 Bg5 22. h4 Bf6 23. Nxf6+ gxf6 24. Qg4+ Kh7 25. gxf4 Rg8 26. Qh3 Bd5+ 27. Bf3 exf4 28. c4 Rg3 29. Qxg3 fxg3 30. cxd5 Qd7 31. Be4+ f5 32. Bg2 Rf8 33. Bh3 Qxd5+ 34. Bg2 Qd8 35. Ba3 Ng6 36. Bxf8 Qxh4+ 0-1

[Event "GER-ch Youth-U18w 2022"]
[Site "Willingen"]
[Date "2022.06.11"]
[Round "9.10"]
[White "Albayrak, Nese Pinar"]
[Black "Kieckbusch, Lotta"]
[Result "1/2-1/2"]
[ECO "C42"]
[WhiteElo "1683"]
[BlackElo "1207"]
[Annotator "NA RC COMBH"]
[PlyCount "101"]
[EventDate "2022.06.05"]
[EventType "swiss"]
[EventRounds "9"]
[EventCountry "GER"]
[SourceTitle "playchess.com"]
[Source "ChessBase"]
[SourceQuality "1"]
[TimeControl "40/4500+30:900+30"]

1. e4 e5 2. Nf3 Nf6 3. Nxe5 Nc6 4. Nxc6 dxc6 5. e5 Nd7 6. d4 c5 7. Bf4 cxd4 8. Qxd4 Bc5 9. Qd1 Qe7 10. Qe2 O-O 11. Nd2 Bd4 12. c3 Bxe5 13. Nf3 Re8 14. Nxe5 Nxe5 15. O-O-O Bf5 16. Rd5 Nd3+ 17. Rxd3 Qxe2 18. Bxe2 Rxe2 19. Rd2 Rxd2 20. Kxd2 c6 21. Bc7 Rc8 22. Re1 Be6 23. Bf4 Rd8+ 24. Kc2 Kf8 25. b3 b5 26. Be3 a6 27. Bd4 g6 28. Rd1 Ke8 29. Ra1 Ra8 30. a4 Bd5 31. g3 Kd7 32. axb5 cxb5 33. Bc5 Kc6 34. b4 Be6 35. h4 h5 36. Kd2 Kb7 37. Be7 Re8 38. Bc5 Bg4 39. Be3 Re6 40. Re1 Re8 41. Rf1 Bh3 42. Rg1 Bg4 43. Kd3 Re6 44. Rc1 Rd6+ 45. Bd4 Re6 46. Be3 Rd6+ 47. Kc2 Bf3 48. Re1 Re6 49. Kd2 Bd5 50. Rd1 Bf3 51. Re1 1/2-1/2